 Dungeon Sprint DCSS version 0.29.1-12-g30fa7ad0bf (webtiles) character file.

Game seed: 4301327111606239841

506 Groucho the Geomancer (level 6, 0/28 HPs)
             Began as a Spriggan Earth Elementalist on Dec 30, 2022.
             Was a Follower of Vehumet.
             Killed from afar by a deep elf pyromancer (8 damage)
             ... with a sticky flame
             ... in the Dungeon (Sprint III: "The Ten Rune Challenge").
             The game lasted 00:06:54 (2819 turns).

Groucho the Geomancer (Spriggan Earth Elementalist) Turns: 2819, Time: 00:06:55

Health: 0/28       AC:  3    Str:  4    XL:     6   Next: 97%
Magic:  8/17       EV: 21    Int: 19    God:    Vehumet [*.....]
Gold:   25         SH:  0    Dex: 15    Spells: 14/20 levels left

rFire   . . .      SeeInvis +   n - +4 quarterstaff (chaos)
rCold   . . .      Faith    .   (shield currently unavailable)
rNeg    . . .      Spirit   .   a - +0 robe
rPois   .          Reflect  .   (helmet restricted)
rElec   .          Harm     .   o - +0 cloak
rCorr   .          Rampage  .   (gloves unavailable)
Will    +....      NoTele   +   (boots unavailable)
Stlth   +.........              (no amulet)
HPRegen 0.09/turn               (no ring)
MPRegen 0.15/turn               (no ring)

@: on fire, glowing, very quick
A: very small, no large weapons, unfitting armour, see invisible, speed 3
a: Renounce Religion


You were in the Dungeon.
You worshipped Vehumet.
Vehumet was aware of your devotion.
You visited 1 branch You collected 25 gold pieces.

Inventory:

Hand Weapons
 n - a +4 quarterstaff of chaos (weapon)
Missiles
 h - 11 stones
Armour
 a - a +0 robe (worn)
 o - a +0 cloak (worn)
Wands
 p - a wand of flame (15)
Scrolls
 g - a scroll of blinking
 j - 2 scrolls of poison {unknown}
 k - a scroll of butterflies {unknown}
 m - 2 scrolls of identify
Potions
 b - 4 potions of magic
 c - a potion of curing
 d - 2 potions of heal wounds
 e - a potion of haste
 f - a potion of berserk rage
 i - 3 potions of mutation {unknown}
 l - a potion of flight {unknown}
 q - a potion of might


   Skills:
 + Level 8.5 Dodging
 - Level 3.0 Stealth
 + Level 7.9 Spellcasting
 * Level 4.8 Conjurations
 - Level 6.6 Transmutations
 * Level 8.6 Earth Magic


You had 14 spell levels left.
You knew the following spells:

 Your Spells              Type           Power      Damage    Failure   Level
a - Sandblast             Erth           80%        2d17      1%          1
b - Passwall              Tmut/Erth      30%        N/A       1%          2
c - Stone Arrow           Conj/Erth      66%        3d11      1%          3

Your spell library contained the following spells:

 Spells                   Type           Power      Damage    Failure   Level
 Foxfire                  Conj/Fire      64%        2x1d7     3%          1
 Shock                    Conj/Air       64%        1d7       3%          1
 Petrify                  Tmut/Erth      36%        N/A       4%          4
 Swiftness                Air            7%         N/A       28%         3
 Airstrike                Air            3%         2d(1-17)  67%         4


Dungeon Overview and Level Annotations

Branches:
Dungeon (1/1)

Altars:
Dithmenos
Kikubaaqudgha
Okawaru
Ru
Sif Muna
Trog
Uskayaw
Vehumet
Wu Jian
Yredelemnul
Zin
The Shining One


Innate Abilities, Weirdness & Mutations

You are very small and have problems with some larger weapons.
You are too small for most types of armour.
You have supernaturally acute eyesight. (SInv)
You cover ground extremely quickly. (Speed+++)


Message History

There is an open door to the Ecumenical Temple here.
As you open the door, it creaks loudly!
You hear a shout!
Found a glowing silver altar of Zin.
There is a fountain of clear blue water here.
A deep elf pyromancer comes into view.
It is wielding a +1 long sword of holy wrath.
Found a glowing golden altar of the Shining One.
Casting: Sandblast (safe; 1% risk of failure)
Confirm with . or Enter, or press ? or * to list all spells.
Aiming: Stone Arrow (safe; 1% risk of failure)
Press: ? - help, Shift-Dir - straight line, f - deep elf pyromancer
Aim: a deep elf pyromancer, wielding a +1 long sword of holy wrath (64% to hit)
The stone arrow misses the deep elf pyromancer.
The deep elf pyromancer points at you and mumbles some strange words.
The sticky flame hits you.
You are covered in liquid flames!
Unknown command.
Casting: Stone Arrow (safe; 1% risk of failure)
Confirm with . or Enter, or press ? or * to list all spells.
Aiming: Stone Arrow (safe; 1% risk of failure)
Press: ? - help, Shift-Dir - straight line, f/p - deep elf pyromancer
Aim: a deep elf pyromancer, wielding a +1 long sword of holy wrath (64% to hit)
The stone arrow hits the deep elf pyromancer!
The deep elf pyromancer is moderately wounded.
You are covered in liquid flames!
The deep elf pyromancer points at you and mumbles some strange words.
The sticky flame hits you.
You are covered in liquid flames!
Unknown command.
Casting: Stone Arrow (safe; 1% risk of failure)
Confirm with . or Enter, or press ? or * to list all spells.
Aiming: Stone Arrow (safe; 1% risk of failure)
Press: ? - help, Shift-Dir - straight line, f/p - deep elf pyromancer
Aim: a deep elf pyromancer, wielding a +1 long sword of holy wrath (moderately wounded, 64% to hit)
The stone arrow misses the deep elf pyromancer.
You are covered in liquid flames!
* * * LOW HITPOINT WARNING * * *
The deep elf pyromancer casts a spell at you.
The sticky flame hits you!
You are covered in liquid flames!
You die...

▓▓▓▓▓▓▓▓ ▓▓▓ .'...♣.♣ ♣.#
########## .#.....♣ ♣.#
__#___#__# ##.)..♣♣ ♣♣.#
..#__.#._#
.#....~♣♣♣♣..###e#'###)##
.#...~~.♣.♣..#..........#
.#..~~~~♣..♣.'.⌠........#
'#..~≈≈~~~♣♣.#..@######+#
.#.~~≈~~~....#.⌠.#
.#.~≈~~~.....#)..#
.#.~~~.......#'###
##...........#.).#
.............#___#
▓▓▓▓▓▓▓▓▓▓▓▓▓▓▓▓▓▓


You could see a deep elf pyromancer.

Vanquished Creatures
  A necrophage (D)
  A water elemental (D)
  Crazy Yiuf (D)
  A wizard (D)
  A necromancer (D)
  3 humans (D)
  A kobold demonologist (D)
  4 rats (D)
13 creatures vanquished.

Notes
Turn   | Place    | Note
-------+----------+-------------------------------------------
     0 | D        | Groucho the Spriggan Earth Elementalist began the quest for
                  | the Orb.
     0 | D        | Reached XP level 1. HP: 9/9 MP: 5/5
   714 | D        | Reached XP level 2. HP: 7/13 MP: 0/7
  1030 | D        | Learned a level 2 spell: Passwall
  1155 | D        | Noticed Crazy Yiuf
  1164 | D        | Killed Crazy Yiuf
  1165 | D        | Reached XP level 3. HP: 2/16 MP: 6/10
  1597 | D        | Noticed a water elemental
  1623 | D        | Learned a level 3 spell: Stone Arrow
  1666 | D        | Killed a water elemental
  1667 | D        | Reached skill level 5 in Dodging
  1667 | D        | Reached skill level 5 in Spellcasting
  1667 | D        | Reached skill level 5 in Transmutations
  1667 | D        | Reached skill level 5 in Earth Magic
  1667 | D        | Reached XP level 4. HP: 21/21 MP: 5/12
  1910 | D        | Found a radiant altar of Vehumet.
  2012 | D        | Found a shimmering blue altar of Sif Muna.
  2012 | D        | Noticed a wizard
  2013 | D        | Killed a wizard
  2014 | D        | Reached skill level 1 in Conjurations
  2018 | D        | Reached XP level 5. HP: 24/24 MP: 9/14
  2018 | D        | Found an ancient bone altar of Kikubaaqudgha.
  2032 | D        | Became a worshipper of Vehumet
  2138 | D        | Found a shadowy altar of Dithmenos.
  2140 | D        | Found a basalt altar of Yredelemnul.
  2140 | D        | Found a sacrificial altar of Ru.
  2416 | D        | Found a hide-covered altar of Uskayaw.
  2416 | D        | Found an iron altar of Okawaru.
  2418 | D        | Found a bloodstained altar of Trog.
  2419 | D        | Found an ornate altar of the Wu Jian Council.
  2419 | D        | Noticed a human
  2421 | D        | Noticed a human
  2429 | D        | Killed a human
  2429 | D        | Reached * piety under Vehumet
  2429 | D        | Offered knowledge of Foxfire by Vehumet.
  2430 | D        | Reached XP level 6. HP: 28/28 MP: 9/17
  2484 | D        | Killed a human
  2813 | D        | Found a glowing silver altar of Zin.
  2816 | D        | Found a glowing golden altar of the Shining One.
  2816 | D        | Noticed a deep elf pyromancer
  2819 | D        | Killed from afar by a deep elf pyromancer

Illustrated notes

Levels and vault maps discovered:
D:        dungeon_sprint_mu [sprint_mu_entry_forest, sprint_mu_temple_rooms,
          sprint_mu_d1_spiders, sprint_mu_d2_genie, sprint_mu_d3_branching,
          sprint_mu_orc_legion, sprint_mu_elf_gauntlet, sprint_mu_hive_nellie,
          sprint_mu_lair_fedhas, sprint_mu_vaults_butterflies,
          sprint_mu_slime_circle, sprint_mu_shoals_archi,
          sprint_mu_snake_twists, sprint_mu_blade_basic,
          sprint_mu_crypt_fortress, sprint_mu_tomb_spiral,
          sprint_mu_vestibule_basic, sprint_mu_gehenna_hellfire,
          sprint_mu_dis_giant, sprint_mu_tartarus_statrot,
          sprint_mu_cocytus_islands, sprint_mu_zot1]

Skill      XL: |  1  2  3  4  5 |
---------------+----------------+-----
Dodging        | 4 5 6 8 |  8.5
Earth Magic    | 4 5 6 8 |  8.6
Spellcasting   | 3 4 5 7 |  7.9
Transmutations | 3 4 5 6 |  6.6
Conjurations   | 1 4 |  4.8
Stealth        | |  3.0

Action                   |  1- 3 |  4- 6 || total
-------------------------+-------+-------++-------
 Cast: Sandblast         |    27 |    18 ||    45
       Passwall          |     1 |     1 ||     2
       Stone Arrow       |       |     5 ||     5
Armor: Robe              |       |     1 ||     1
Dodge: Dodged            |     8 |     4 ||    12
